 Dungeon Crawl Stone Soup version 0.22-a0-398-g8bb545f (webtiles) character file.

64 Ijustatesigmund the Chopper (level 4, 0/31 HPs)
             Began as an Octopode Fighter on May 5, 2018.
             Succumbed to an adder's poison
             ... on level 2 of the Dungeon.
             The game lasted 00:03:51 (949 turns).

Ijustatesigmund the Chopper (Octopode Fighter)       Turns: 949, Time: 00:03:52

Health: 0/31       AC:  1    Str: 13 (15) XL:     4   Next: 12%
Magic:  4/4        EV: 11    Int:  9 (10) God:
Gold:   84         SH:  8    Dex:  9 (12) Spells: 3/3 levels left

rFire    . . .     SeeInvis .   a - +0 war axe
rCold    . . .     Gourm    .   b - +0 shield
rNeg     . . .     Faith    .   (helmet restricted)
rPois    .         Spirit   .   (no amulet)
rElec    .         Reflect  .   (no ring)
rCorr    .         Harm     .   (no ring)
MR       .....                  (no ring)
Stlth    ++........             (no ring)
HPRegen  0.10/turn              (no ring)
MPRegen  0.09/turn              (no ring)
                                (no ring)
                                (no ring)

@: lethally poisoned (0 -> -3)
A: almost no armour, stealthy swim, amphibious, 8 rings, constrict 8, camouflage
1, gelatinous body 1
a: no special abilities


You were on level 2 of the Dungeon.
You were not hungry.

You visited 1 branch of the dungeon, and saw 2 of its levels.

You collected 84 gold pieces.

Inventory:

Hand Weapons
 a - a +0 war axe (weapon)
Armour
 b - a +0 shield (worn)
Potions
 c - a potion of might
Comestibles
 d - 2 rations


   Skills:
 - Level 3.0 Fighting
 + Level 4.3 Axes
 - Level 3.0 Dodging
 - Level 3.0 Shields


You had 3 spell levels left.
You didn't know any spells.

Dungeon Overview and Level Annotations

Branches:
Dungeon (2/15)

Altars:


Innate Abilities, Weirdness & Mutations

You cannot wear most types of armour.
You are very stealthy in the water. (Stealth+)
You are amphibious.
You can wear up to eight rings at the same time.
You can use your tentacles to constrict eight enemies at once.
Your skin changes colour to match your surroundings (Stealth+).
Your rubbery body absorbs attacks. (AC +1, EV +1)


Message History

You constrict the adder.
You kill the adder!
You have reached level 4!
* * * LOW HITPOINT WARNING * * *
You feel sick.
* * * LOW HITPOINT WARNING * * *
You feel sick.
* * * LOW HITPOINT WARNING * * *
You feel sick.
* * * LOW HITPOINT WARNING * * *
You feel sick.
* * * LOW HITPOINT WARNING * * *
You feel sick.
* * * LOW HITPOINT WARNING * * *
You feel sick.
* * * LOW HITPOINT WARNING * * *
You feel sick.
* * * LOW HITPOINT WARNING * * *
You feel sick.
You die...

#. #.##### ## . ##....#####.##
. #.....$....#.# .
..####.#####.# .## #.## #.#
..# #S.# #.# . #.#########.#
#.# ##. ..)).)..# #.# #@# #..
..#####.# #.# #.# #.# ..# #.#
#.# #.# #.# ..# #.# #.# #.#
###.#####.#
..#####.###.####.###.........#
..#...........#(..##.#.#######
..#.#######.#.#...##..#.## ..#
#.#........###.######## ..g
##.........## ##........


There were no monsters in sight!

Vanquished Creatures
  Robin (D:2)
  2 adders (D:2)
  A giant cockroach (D:1)
  9 goblins
  7 hobgoblins
  3 bats (D:1)
  A frilled lizard (D:1)
  4 kobolds (D:1)
  2 rats (D:1)
30 creatures vanquished.

Notes
Turn   | Place    | Note
-------+----------+-------------------------------------------
     0 | D:1      | Ijustatesigmund the Octopode Fighter began the quest for the Orb.
     0 | D:1      | Reached XP level 1. HP: 16/16 MP: 1/1
   189 | D:1      | Reached XP level 2. HP: 19/21 MP: 2/2
   320 | D:1      | Reached skill level 3 in Axes
   798 | D:2      | Noticed Robin
   810 | D:2      | Reached XP level 3. HP: 7/26 MP: 3/3
   845 | D:2      | Killed Robin
   845 | D:2      | Reached skill level 4 in Axes
   933 | D:2      | Reached XP level 4. HP: 8/31 MP: 4/4
   945 | D:2      | HP: 1/31 [poisoned by an adder]
   949 | D:2      | Succumbed to an adder's poison

Vault maps used:
D:1:      shiori_arrival_elements, minmay_tripent
D:2:      uniq_robin, uniq_terence

Skill      XL: |  1  2  3 |
---------------+----------+-----
Axes           | 3 4 |  4.3
Fighting       | |  3.0
Dodging        | |  3.0
Shields        | |  3.0

Action                   |  1- 3 |  4- 6 || total
-------------------------+-------+-------++-------
Melee: War axe           |    47 |       ||    47
       Constrict         |    14 |       ||    14
       Tentacles         |     2 |       ||     2
  Use: Scroll            |     2 |       ||     2
       Potion            |     3 |       ||     3
 Stab: Sleeping          |     2 |       ||     2
Armor: Skin              |    26 |       ||    26
Dodge: Dodged            |    15 |       ||    15
Block: Shield            |    33 |       ||    33

Table legend:
 A = Spawn XP
 B = Non-spawn XP
 C = Spawn XP percentage of total XP
 D = Spawn monster count
 E = Non-spawn monster count
 F = Spawn count percentage of total count
 G = Total turns spent on level
                    A         B        C        D         E        F      G
               +---------+---------+-------+---------+---------+-------+---------
         Total |       0 |      92 |   0.0 |       0 |      30 |   0.0 |   949
               +---------+---------+-------+---------+---------+-------+---------
           D:1 |       0 |      29 |   0.0 |       0 |      17 |   0.0 |   753
           D:2 |       0 |      63 |   0.0 |       0 |      13 |   0.0 |   196
               +---------+---------+-------+---------+---------+-------+---------
